 Dungeon Crawl Stone Soup version 0.31-a0-620-gd1cbd99268 (webtiles) character file.

Game seed: 13492909062489478288

453 zxpr0jk the Ruffian (level 6, 0/51 HPs)
             Began as a Draconian Monk on Aug 24, 2023.
             Was a Priest of Ru.
             Slain by Duvessa
             ... wielding a +0 short sword
              (9 damage)
             ... on level 5 of the Dungeon.
             The game lasted 00:12:35 (2891 turns).

zxpr0jk the Ruffian (Draconian Monk)                Turns: 2891, Time: 00:12:35

Health: 0/51       AC:  9    Str: 13    XL:     6   Next: 75%
Magic:  6/6        EV: 13    Int: 11    God:    Ru [***...]
Gold:   184        SH:  0    Dex: 13    Spells: 5/5 levels left

rFire   . .          .
                       - Unarmed
rCold   . . .        (shield unavailable)
rNeg    . . .        (body armour unavailable)
rPois   +            (helmet restricted)
rElec   .            (no cloak)
rCorr   .            (no gloves)
SInv    .            p - +2 pair of boots
Will    .....        (no amulet)
Stlth   +            (ring unavailable)
HPRegen 0.28/turn    q - ring of poison resistance
MPRegen 0.10/turn

%: no passive effects
@: confused, ambrosia-drunk
A: AC +6, unfitting armour, cold-blooded, missing a hand, screaming 1, weak 1,
subdued magic 1
a: Renounce Religion, Draw Out Power


You were on level 5 of the Dungeon.
You worshipped Ru.
Ru was most pleased with you.
You visited 1 branch of the dungeon, and saw 7 of its levels.

You collected 205 gold pieces.
You spent 21 gold pieces at shops.

Inventory:

Missiles
 e - 24 stones
Armour
 b - an orb of light
 p - a +2 pair of boots (worn)
Jewellery
 q - a ring of poison resistance (right hand)
Talismans
 f - a serpent talisman
 h - a blade talisman
Scrolls
 g - 2 scrolls of revelation {unknown}
 i - 2 scrolls of identify {unknown}
 j - a scroll of fear {unknown}
 k - a scroll of immolation {unknown}
 l - 3 scrolls of enchant weapon {unknown}
 m - 3 scrolls of fog {unknown}
 n - a scroll of teleportation
 o - a scroll of noise {unknown}
Potions
 a - a potion of ambrosia


   Skills:
 - Level 3.2 Fighting
 + Level 4.5 Dodging
 * Level 6.5 Unarmed Combat


You had 5 spell levels left.
You didn't know any spells.
Your spell library contained the following spells:

 Spells                   Type           Power      Damage    Failure   Level
 Poisonous Vapours        Pois/Air       0%         N/A       43%         2
 Gell's Gravitas          Tloc           0%         N/A       67%         3
 Mephitic Cloud           Conj/Pois/Air  0%         N/A       67%         3
 Teleport Other           Tloc           0%         N/A       67%         3
 Freezing Cloud           Conj/Ice/Air   0%         6-21      100%        5
 Dispersal                Tloc           0%         N/A       100%        6


Dungeon Overview and Level Annotations

Branches:
Dungeon (7/15)
 Temple: D:4-7

Altars:
Cheibriados
Okawaru
Qazlal
Ru
Uskayaw
Xom

Shops:
D:1 [*[*?   D:5 :=

Annotations:
D:4 Pikel
D:5 Duvessa, Edmund, Sigmund


Innate Abilities, Weirdness & Mutations

Your plain brown scales are hard. (AC +6)
You cannot fit into any form of body armour.
You are cold-blooded and may be slowed by cold attacks.
You are missing a hand.
You occasionally shout uncontrollably at your foes.
You are weak. (Str -2)
Your spells are a little easier to cast, but a little less powerful.


Message History

Duvessa hits you with a +0 short sword!
You hit Duvessa but do no damage.
Duvessa is almost dead.
Duvessa is stunned by your conviction and fails to attack.
Duvessa closely misses you.
You feel much better. Duvessa hits you with a +0 short sword.
You hit Duvessa.
Your tail-slap misses Duvessa.
Duvessa is almost dead.
Duvessa is stunned by your conviction and fails to attack.
Duvessa hits you with a +0 short sword!
You hit Duvessa but do no damage.
Duvessa is almost dead.
Duvessa is no longer blind.
Duvessa closely misses you.
You closely miss Duvessa.
Duvessa is almost dead.
You are no longer glowing.
Duvessa hits you with a +0 short sword!
You hit Duvessa but do no damage.
Duvessa is almost dead.
Duvessa barely misses you. Duvessa hits you with a +0 short sword.
* * * LOW HITPOINT WARNING * * *
You hit Duvessa but do no damage.
Duvessa is almost dead.
Duvessa hits you with a +0 short sword!
* * * LOW HITPOINT WARNING * * *
You are confused.
You feel invigorated.
Duvessa is stunned by your conviction and fails to attack.
Duvessa hits you with a +0 short sword.
* * * LOW HITPOINT WARNING * * *
Duvessa hits you but does no damage. Duvessa hits you with a +0 short sword!
* * * LOW HITPOINT WARNING * * *
Duvessa hits you with a +0 short sword.
* * * LOW HITPOINT WARNING * * *
Duvessa barely misses you.
You closely miss Duvessa.
Duvessa is almost dead.
Duvessa hits you with a +0 short sword!
You die...

#.....#)####.##...#
#.....#.#..#......#
#######.#.∩...#.#.###
......e.#.##........##
.########.###.#.#....#
..###......##......#.
#.##....#..#)#.....#
#.#8.8###.......e..#
#...∩..####.....@.##
#..8.8.............#
..##...######....###
...##### #....## ##.
...##.# # #### #.# ..#
##


You could see Duvessa (berserk).

Vanquished Creatures
  An ogre (D:6)
  A bullfrog (D:3)
  A scorpion (D:6)
  Dowan (D:5)
  An iguana (D:7)
  A mummy (D:3)
  4 adders
  A white imp (D:6)
  2 worms
  2 dart slugs
  12 orcs
  7 ball pythons
  7 endoplasms
  5 giant cockroaches
  7 goblins
  4 hobgoblins
  3 jackals (D:3)
  A quokka (D:2)
  4 bats
  3 frilled lizards
  7 kobolds
  6 rats
81 creatures vanquished.

Vanquished Creatures (others)
  An iguana (D:6)
1 creature vanquished.

Grand Total: 82 creatures vanquished

Notes
Turn   | Place    | Note
-------+----------+-------------------------------------------
     0 | D:1      | zxpr0jk the Draconian Monk began the quest for the Orb.
     0 | D:1      | Reached XP level 1. HP: 19/19 MP: 1/1
    60 | D:1      | Found Ziteg's Armour Shop.
   174 | D:1      | Reached XP level 2. HP: 26/26 MP: 2/2
   326 | D:1      | Found Kevopus's General Store.
   335 | D:1      | Found Akkuen's Armour Shoppe.
   364 | D:1      | Found Keshifaq's Assorted Antiques.
   377 | D:1      | Bought a scroll labelled QATWE APUZI for 21 gold pieces
   450 | D:1      | Found Fuwampir's Magic Scroll Shop.
   710 | D:2      | Reached XP level 3. HP: 29/31 MP: 3/3
   930 | D:2      | Reached skill level 4 in Unarmed Combat
  1123 | D:2      | Found a faded altar of an unknown god.
  1724 | D:3      | Found a shimmering altar of Xom.
  1732 | D:3      | Found a stormy altar of Qazlal.
  1745 | D:3      | Noticed a bullfrog
  1762 | D:3      | Killed a bullfrog
  1763 | D:3      | Reached XP level 4. HP: 38/38 MP: 4/4
  1839 | D:3      | Found an iron altar of Okawaru.
  1847 | D:3      | Reached skill level 5 in Unarmed Combat
  1871 | D:3      | Reached XP level 5. HP: 44/45 MP: 5/5
  1955 | D:3      | Found a snail-covered altar of Cheibriados.
  2030 | D:3      | Found a sacrificial altar of Ru.
  2053 | D:3      | Became a worshipper of Ru the Awakened
  2060 | D:3      | Gained mutation: You are missing a hand. [Ru sacrifice]
  2060 | D:3      | Reached * piety under Ru
  2060 | D:3      | Reached ** piety under Ru
  2060 | D:3      | Reached *** piety under Ru
  2338 | D:4      | Noticed a lemure
  2347 | D:4      | Noticed a lemure
  2347 | D:4      | Noticed a lemure
  2348 | D:4      | Noticed Pikel
  2348 | D:4      | Noticed a lemure
  2390 | D:4      | Gained mutation: You are weak. (Str -2) [potion of
                  | mutation]
  2390 | D:4      | Gained mutation: You occasionally shout uncontrollably at
                  | your foes. [potion of mutation]
  2390 | D:4      | Gained mutation: Your spells are a little easier to cast,
                  | but a little less powerful. [potion of mutation]
  2426 | D:4      | You fall into a shaft and drop 1 floor!
  2426 | D:5      | Entered Level 5 of the Dungeon
  2429 | D:5      | Noticed Edmund
  2431 | D:5      | Noticed Dowan
  2431 | D:5      | Noticed Sigmund
  2434 | D:5      | Noticed Duvessa
  2658 | D:6      | Reached XP level 6. HP: 45/51 MP: 6/6
  2696 | D:7      | Found a hide-covered altar of Uskayaw.
  2738 | D:7      | Reached skill level 6 in Unarmed Combat
  2823 | D:5      | Found Raesm's Book Boutique.
  2831 | D:5      | Found Ulyuhex's Jewellery Boutique.
  2852 | D:5      | Killed Dowan
  2891 | D:5      | Slain by Duvessa

Illustrated notes

Levels and vault maps discovered:
D:1:      scummos_arrival_hexagon, layout_loops_ring, serial_shops, shop,
          nicolae_shop_statue_plus, shop, shop, shop, minmay_split_cup_small
D:2:      layout_basic, hellmonk_ecumenical_altar_inner_sanctum, minivault_26,
          minmay_misc_feat_doors, patterned_corridor
D:3:      layout_basic, nicolae_ru_great_annihilating_truth, slow_altar_2,
          okawaru_gym_becter, nicolae_qazlal_general_emergency,
          mainiacjoe_overflow_concentric_impassable, reono_crystal_passage
D:4:      layout_rooms, lemuel_tele_altar, tso_oasis_becter, st_stairs_1,
          hangedman_decor_points, nicolae_stop_n_shop_2, minmay_quadrilaterals,
          uniq_natasha, uniq_pikel
D:5:      minmay_thinvault, layout_cave_pools, led_sif_book,
          minmay_temple_entry_proselytizer, serial_shops, shop,
          nicolae_inconvenience_store, nicolae_shop_tiny_statue_garden,
          nicolae_square_shop, kennysheep_mini, serial_co_window_serial,
          co_window_of_opportunity_a, co_window_paths_a, co_window_paths_a,
          co_window_paths_a, co_window_paths_a, co_window_of_opportunity_a,
          co_window_paths_b, co_window_of_opportunity_b,
          co_window_of_opportunity_b, co_window_corner_b, co_window_broadway_c,
          co_window_broadway_b, co_window_paths_d, glass_columns_a,
          glass_columns_b, glass_columns_a, glass_columns_b, uniq_duvessa,
          uniq_eustachio, uniq_sigmund, uniq_edmund
D:6:      layout_layer_cave
D:7:      layout_rooms, mainiacjoe_overflow_paths,
          gammafunk_temple_overflow_claw, serial_shops, shop

Skill      XL: |  1  2  3  4  5  6 |
---------------+-------------------+-----
Dodging        | 3 4 |  4.5
Unarmed Combat | 4 5 6 |  6.5
Fighting       | |  3.2

Action                     |  1- 3 |  4- 6 || total
---------------------------+-------+-------++-------
  Melee: Unarmed           |    91 |   181 ||   272
         Tailslap          |    16 |    32 ||    48
 Invoke: Sacrifice a Hand  |       |     1 ||     1
    Use: Potion            |     4 |     6 ||    10
         Scroll            |       |     1 ||     1
   Stab: Paralysed         |       |     3 ||     3
         Invisible         |       |     1 ||     1
 Armour: Skin              |    21 |    37 ||    58
  Dodge: Dodged            |    57 |    96 ||   153

Table legend: (Time is in decaauts)
 A = Elapsed time spent in this place.
 B = Non-inter-level travel time spent in this place.
 C = Inter-level travel time spent in this place.
 D = Time resting spent in this place.
 E = Time spent auto-exploring this place.
 F = Levels seen in this place.
 G = Mean time per level.
                   A        B        C        D        E       F      G
               +--------+--------+--------+--------+--------+-----+--------+
         Total |   2866 |   2803 |     63 |     60 |   1839 |   7 |  409.4 |
       Dungeon |   2866 |   2803 |     63 |     60 |   1839 |   7 |  409.4 |
               +--------+--------+--------+--------+--------+-----+--------+

Top non-repeatable levels by time:
     D:2: 935 daAuts
     D:3: 692 daAuts
     D:1: 688 daAuts
     D:6: 283 daAuts
     D:5: 111 daAuts
     D:4: 96 daAuts
     D:7: 58 daAuts
